 Dungeon Crawl Stone Soup version 0.30-a0-778-g2ef04afb54 (webtiles) character file.

Game seed: 12461476865165609593

102 Airon2 the Ruffian (level 4, -6/44 HPs)
             Began as a Troll Berserker on Feb 15, 2023.
             Was a Believer of Trog.
             Mangled by a gnoll
             ... wielding a +0 flail
              (8 damage)
             ... on level 3 of the Dungeon.
             The game lasted 00:12:33 (1565 turns).

Airon2 the Ruffian (Troll Berserker)                Turns: 1565, Time: 00:12:34

Health: -6/44      AC:  4    Str: 27    XL:     4   Next: 49%
Magic:  3/3        EV: 10    Int:  3    God:    Trog [**....]
Gold:   95         SH:  0    Dex: 12    Spells: 3/3 levels left

rFire   . . .      SeeInvis .    n - +5 hand axe "Hell-Harrower" {vamp, rC+ rCorr Dex+3}
rCold   + . .      Faith    .    (no shield)
rNeg    . . .      Spirit   .    a - +0 animal skin
rPois   .          Reflect  .    (helmet restricted)
rElec   .          Harm     .    (no cloak)
rCorr   +          Rampage  .    (gloves unavailable)
Will    .....                    (boots unavailable)
Stlth   +                        (no amulet)
HPRegen 1.07/turn                (no ring)
MPRegen 0.08/turn                (no ring)

@: no status effects
A: large, unfitting armour, claws 3, regeneration 1, shaggy fur 1, tough skin 1
a: Renounce Religion, Berserk, Trog's Hand


You were on level 3 of the Dungeon.
You worshipped Trog.
Trog was pleased with you.
You visited 1 branch of the dungeon, and saw 3 of its levels.

You collected 95 gold pieces.

Inventory:

Hand Weapons
 n - the +5 hand axe "Hell-Harrower" (weapon) {vamp, rC+ rCorr Dex+3}
   (You found it on level 2 of the Dungeon)

   Dex:       It affects your dexterity (+3).
   rC:        It protects you from cold.
   rCorr:     It protects you from acid and corrosion.
Missiles
 c - 10 poisoned darts (quivered)
Armour
 a - a +0 animal skin (worn)
 u - a +3 chain mail of poison resistance
Wands
 m - a wand of polymorph (10)
 q - a wand of flame (21)
Scrolls
 d - a scroll of summoning {unknown}
 g - a scroll of magic mapping {unknown}
 h - 4 scrolls of identify {unknown}
 i - a scroll of blinking {unknown}
 k - 3 scrolls of fog {unknown}
 p - a scroll of enchant weapon {unknown}
 r - a scroll of enchant armour {unknown}
Potions
 b - a potion of resistance {unknown}
 e - a potion of lignification {unknown}
 f - a potion of heal wounds {unknown}
 j - 2 potions of curing {unknown}
 l - a potion of might {unknown}
 o - a potion of degeneration {unknown}
 s - a potion of invisibility {unknown}
 t - a potion of cancellation {unknown}


   Skills:
 + Level 2.8 Fighting
 + Level 1.5 Axes
 + Level 3.0 Dodging
 + Level 3.9 Unarmed Combat


You had 3 spell levels left.
You didn't know any spells.
Your spell library contained the following spells:

 Spells                   Type           Power      Damage    Failure   Level
 Shock                    Conj/Air       0%         1d3       52%         1
 Swiftness                Air            0%         N/A       88%         3
 Airstrike                Air            0%         2d(0-16)  99%         4


Dungeon Overview and Level Annotations

Branches:
Dungeon (3/15)

Altars:
Kikubaaqudgha

Shops:
D:2 =   D:3 (


Innate Abilities, Weirdness & Mutations

You are too large for most types of armour.
You have claws for hands.
Your natural rate of healing is unusually fast.
You are covered in fur. (AC +1)
You have tough skin. (AC +1)


Message History

a +0 flail; 5 stones; a +3 chain mail of poison resistance
Things that are here:
a +0 flail; 5 stones; a +3 chain mail of poison resistance
u - a +3 chain mail of poison resistance This armour is too small for you!
Things that are here:
a frilled lizard skeleton; a hobgoblin skeleton You see here a hobgoblin skeleton.
Found a ring mail.
You see here a +0 ring mail.
Found a glowing onyx ring and 4 stones.
Found a pair of gloves. 2 gnolls come into view.
A gnoll is wielding a +2 heavy spear.
The gnoll shouts! x2
A rat comes into view.
A gnoll comes into view. It is wielding a +0 flail.
The gnoll shouts!
A gnoll comes into view. It is wielding a +0 club.
You see here a ring of poison resistance.
The gnoll completely misses you. The gnoll closely misses you.
The gnoll hits you with a +0 flail. The gnoll hits you with a +0 club.
The gnoll hits you with a +0 flail.
You see here a +0 pair of gloves.
You barely miss the gnoll. Your claw misses the gnoll. You hit the gnoll. x2
You feel better.
You barely miss the gnoll. The gnoll barely misses you.
The gnoll hits you with a +0 flail. The gnoll hits you but does no damage.
The gnoll closely misses you.
You slash the gnoll!
You feel better.
The gnoll is heavily wounded.
You barely miss the gnoll. You hit the gnoll.
You feel better.
You hit the gnoll. The gnoll closely misses you.
The gnoll hits you with a +0 club. The gnoll hits you with a +0 flail!
The gnoll hits you with a +2 heavy spear!
* * * LOW HITPOINT WARNING * * *
The gnoll attacks as you move away! The gnoll hits you with a +0 flail.
* * * LOW HITPOINT WARNING * * *
The gnoll attacks as you move away! The gnoll hits you with a +0 club.
* * * LOW HITPOINT WARNING * * *
The gnoll hits you with a +0 flail!
You die...

.. ###. ## ## #
#### ##...
###..##
############...##
#..=........[###
#@g.......####
#gg.......#
#.g.......#
#r......(.#
...#####.###
..... #.# .....
..# ...# # #####
##


You could see 4 gnolls and a rat.

Vanquished Creatures
  Terence (D:3)
  2 adders (D:2)
  A worm (D:2)
  A dart slug (D:2)
  5 bats
  7 endoplasms
  2 giant cockroaches
  6 goblins
  6 hobgoblins
  3 quokkas
  5 ball pythons
  5 frilled lizards
  3 kobolds
  4 rats
51 creatures vanquished.

Notes
Turn   | Place    | Note
-------+----------+-------------------------------------------
     0 | D:1      | Airon2 the Troll Berserker began the quest for the Orb.
     0 | D:1      | Reached XP level 1. HP: 22/22 MP: 0/0
    93 | D:1      | Reached XP level 2. HP: 26/29 MP: 1/1
   647 | D:2      | Reached XP level 3. HP: 36/36 MP: 2/2
   655 | D:2      | Found Nasot's Jewellery Boutique.
   706 | D:2      | Identified the +5 hand axe "Hell-Harrower" {vamp, rC+ rCorr
                  | Dex+3}
   741 | D:2      | Reached ** piety under Trog
   898 | D:2      | Reached skill level 1 in Axes
  1030 | D:2      | Reached XP level 4. HP: 44/44 MP: 3/3
  1057 | D:2      | Found an ancient bone altar of Kikubaaqudgha.
  1348 | D:3      | Found Gogicikk's Antique Weapon Boutique.
  1348 | D:3      | Noticed Terence
  1488 | D:3      | Killed Terence
  1565 | D:3      | HP: 1/44 [gnoll/+0 club (5)]
  1565 | D:3      | Mangled by a gnoll

Illustrated notes

Levels and vault maps discovered:
D:1:      minmay_arrival_four_loops, layout_rooms
D:2:      layout_rooms, serial_shops, nicolae_shop_waterfront, basic_altar
D:3:      layout_rooms, serial_shops, shop,
          nicolae_shop_temple_entry_statues_fountains, shop, nicolae_shop_trees,
          uniq_grinder, uniq_terence

Skill      XL: |  1  2  3  4 |
---------------+-------------+-----
Axes           | 1 |  1.5
Dodging        | 3 |  3.0
Fighting       | |  2.8
Unarmed Combat | |  3.9

Action                     |  1- 3 |  4- 6 || total
---------------------------+-------+-------++-------
  Melee: Unarmed           |    57 |    24 ||    81
         Punch             |     1 |       ||     1
         Hand axe          |    38 |    34 ||    72
    Use: Scroll            |     1 |       ||     1
 Armour: Animal skin       |   100 |     8 ||   108
         Skin              |       |     4 ||     4
  Dodge: Dodged            |   118 |    59 ||   177

Table legend: (Time is in decaauts)
 A = Elapsed time spent in this place.
 B = Non-inter-level travel time spent in this place.
 C = Inter-level travel time spent in this place.
 D = Time resting spent in this place.
 E = Time spent auto-exploring this place.
 F = Levels seen in this place.
 G = Mean time per level.
                   A        B        C        D        E       F      G
               +--------+--------+--------+--------+--------+-----+--------+
         Total |   1562 |   1484 |     78 |      0 |      0 |   3 |  520.7 |
       Dungeon |   1562 |   1484 |     78 |      0 |      0 |   3 |  520.7 |
               +--------+--------+--------+--------+--------+-----+--------+

Top non-repeatable levels by time:
     D:2: 624 daAuts
     D:1: 600 daAuts
     D:3: 337 daAuts
